 Dungeon Crawl Stone Soup version 0.18-a0-1507-g69458e0 (webtiles) character file.

89 GrosslyIncandescent the Insei (level 4, 7/35 HPs)
             Began as a Mummy Monk on Mar 5, 2016.
             Was an Initiate of Ru.
             Quit the game on level 3 of the Dungeon.
             The game lasted 00:04:21 (3607 turns).

GrosslyIncandescent the Insei (Mummy Monk)          Turns: 3607, Time: 00:04:21

Health: 7/35       AC:  2    Str: 14    XL:     4   Next: 31%
Magic:  4/4        EV: 13    Int:  9    God:    Ru [......]
Gold:   96         SH:  0    Dex: 15    Spells: 0 memorised, 3 levels left

rFire  x . .     SeeInvis .       - Unarmed
rCold  + . .     Gourm    .     (no armour)
rNeg   + + +     Faith    .     (no shield)
rPois  ∞         Spirit   .     (no helmet)
rElec  .         Dismiss  .     (no cloak)
rCorr  .         Reflect  .     l - +1 pair of gloves
SustAt .         Harm     .     (no boots)
MR     .....                    (no amulet)
Stlth  ++........               (no ring)
                                j - ring of flight

@: not resistant to hostile enchantments, unstealthy
A: no food or potions, fire vulnerability, cold resistance 1, negative energy
resistance 3, torment resistance, unbreathing
a: Sacrifice Arcana, Sacrifice Health, Sacrifice Purity, Reject Sacrifices,
Renounce Religion, Evoke Flight


You were on level 3 of the Dungeon.
You worshipped Ru.
Ru was noncommittal.
You were not hungry.

You visited 1 branch of the dungeon, and saw 4 of its levels.

You collected 96 gold pieces.


Innate Abilities, Weirdness & Mutations

You do not eat or drink.
Your flesh is vulnerable to fire.
You are immune to poison.
Your flesh is cold resistant.
You are immune to negative energy.
You are immune to unholy pain and torment.
You can survive without breathing.


   Skills:
 - Level 3.0 Fighting
 - Level 2.4 Dodging
 - Level 1.5 Stealth
 + Level 4.8 Unarmed Combat


You had 3 spell levels left.
You didn't know any spells.

Inventory:

Armour
 l - a +1 pair of gloves (worn)
Jewellery
 j - a ring of flight (left hand)
Scrolls
 a - a scroll of identify {@r1}
 c - a scroll of amnesia {unknown}
 d - 2 scrolls of blinking
 e - a scroll of magic mapping
 f - 2 scrolls of remove curse
 g - 2 scrolls of teleportation {@r4}
 h - a scroll of recharging
Books
 k - a book of Conjurations (quivered)

   Spells                             Type                      Level
   a - Magic Dart                     Conjuration                  1
   b - Searing Ray                    Conjuration                  2
   c - Dazzling Spray                 Conjuration/Hexes            3
   d - Fulminant Prism                Conjuration/Hexes            4
   e - Iskenderun's Mystic Blast      Conjuration                  4
   f - Iskenderun's Battlesphere      Conjuration/Charms           5

Dungeon Overview and Level Annotations

Branches:
Dungeon (4/15)
 Temple: D:4-7

Altars:
Cheibriados
Dithmenos
Fedhas
Makhleb
Ru
Sif Muna
Yredelemnul
The Shining One

Annotations:
D:4 Menkaure

▒▒▒▒▒▒▒▒▒ ▒.......▒ ▒▒▒
▒▒▒▒▒▒▒▒▒▒▒▒▒▒▒▒▒▒▒.......▒▒▒▒▒..
▒.................#..............
▒>..............{▒▒..(....▒▒.▒...
▒.▒▒▒▒▒▒▒▒▒▒▒▒▒▒M▒▒.......▒▒.▒...
▒.▒ ▒..▒▒▒▒▒▒▒▒▒▒.▒... ▒.▒
▒▒.▒▒▒...▒ ▒.▒.▒▒ ▒.▒▒▒▒▒▒▒▒▒▒▒▒▒
▒(.▒▒...▒ ▒.▒.▒
▒.▒▒......▒...▒▒▒▒(▒▒...▒ ▒.▒.▒
▒.▒▒.............▒)▒▒...▒ ▒.▒.▒▒
▒.▒▒...)..▒...▒▒.▒..▒...▒ ▒.▒...
▒.▒......▒▒...▒▒........▒▒▒▒.▒▒▒▒
▒.▒......▒▒...▒▒....(.▒▒.....)<..


There were no monsters in sight!


Message History

Something hits you! Something shocks you!
You completely miss something! Something barely misses you!
You pound something but do no damage! Something barely misses you!
A sky beast appears from thin air!!!
Reactivating autopickup!
You are too injured to fight recklessly!!!
You are too injured to fight recklessly!!!
You are too injured to fight recklessly!!!
You squash the sky beast but do no damage!
The sky beast misses you!
You completely miss the sky beast! The sky beast hits you!
The sky beast shocks you!
You closely miss the sky beast! The sky beast barely misses you!
You completely miss the sky beast! The sky beast hits you! * * * don't die
* * * The sky beast shocks you! * * * don't die
* * * You completely miss the sky beast!
The sky beast barely misses you!
You miss the sky beast!
You pulverise the sky beast but do no damage!
The sky beast barely misses you!
You pulverise the sky beast!
The sky beast is lightly wounded!
The sky beast flickers out of sight!!!
Deactivating autopickup; reactivate with Ctrl-A!
Something hits you! * * * don't die
* * * Something shocks you! * * * don't die
* * * Are you sure you want to abandon this character and quit the game? (Confirm with "yes"!)

Action                   |  1- 3 |  4- 6 || total
-------------------------+-------+-------++-------
Melee: Unarmed           |   139 |    57 ||   196
  Use: Scroll            |       |     9 ||     9
 Stab: Sleeping          |     6 |       ||     6

Vault maps used:
D:1:      onia_arrival_pentagram, serial_curves, eino_curves_01, eino_curves_02,
          cheibriados_altar_1
D:2:      ecumenical_altar_2
D:3:      grunt_temple_overflow_open, first_bread
D:4:      gammafunk_temple_overflow_elements, old_standard_altar, uniq_menkaure

Notes
Turn   | Place    | Note
--------------------------------------------------------------
     0 | D:1      | GrosslyIncandescent the Mummy Monk began the quest for the Orb.
     0 | D:1      | Reached XP level 1. HP: 18/18 MP: 1/1
   339 | D:1      | Found a snail-covered altar of Cheibriados.
   813 | D:1      | Reached XP level 2. HP: 14/24 MP: 2/2
  1445 | D:2      | Found a faded altar to an unknown god.
  1490 | D:2      | Reached skill level 4 in Unarmed Combat
  1621 | D:2      | Reached XP level 3. HP: 29/29 MP: 3/3
  1977 | D:3      | Found a shadowy altar of Dithmenos.
  1978 | D:3      | Found a deep blue altar of Sif Muna.
  1978 | D:3      | Found a glowing golden altar of the Shining One.
  1978 | D:3      | Found a burning altar of Makhleb.
  1979 | D:3      | Found a blossoming altar of Fedhas.
  2161 | D:3      | Found a basalt altar of Yredelemnul.
  2858 | D:3      | Reached XP level 4. HP: 31/35 MP: 4/4
  2860 | D:3      | Noticed a sky beast
  3470 | D:4      | Noticed an ogre
  3476 | D:4      | Found a sacrificial altar of Ru.
  3485 | D:4      | Became a worshipper of Ru the Awakened
  3496 | D:4      | Noticed Menkaure
  3607 | D:3      | Quit the game

Vanquished Creatures
  2 adders
  An ooze (D:3)
  2 worms
  3 giant geckos
  2 orcs
  2 ball pythons (D:3)
  A giant cockroach (D:1)
  7 goblins
  9 hobgoblins
  A jackal (D:1)
  2 quokkas
  11 bats
  3 giant newts
  5 kobolds
  2 rats (D:3)
53 creatures vanquished.
